 Dungeon Crawl Stone Soup version 0.27-a0-65-gfb268537a3 (webtiles) character file.

Game seed: 11418761054621990125

25 Rennog the Charlatan (level 2, -1/14 HPs)
             Began as a Spriggan Artificer on Jan 9, 2021.
             Slain by a gnoll
             ... wielding a +1 halberd of flaming
              (2 damage)
             ... on level 1 of the Dungeon.
             The game lasted 00:04:06 (1002 turns).

Rennog the Charlatan (Spriggan Artificer)           Turns: 1002, Time: 00:04:06

Health: -1/14      AC:  2    Str:  8    XL:     2   Next: 86%
Magic:  5/5        EV: 19    Int: 12    God:
Gold:   32         SH:  0    Dex: 16    Spells: 3/3 levels left

rFire    . . .     SeeInvis +   h - -2 dagger (curse)
rCold    . . .     Faith    .   (shield restricted)
rNeg     . . .     Spirit   .   b - +0 robe
rPois    .         Reflect  .   (helmet restricted)
rElec    .         Harm     .   (no cloak)
rCorr    +         Rampage  .   (gloves unavailable)
Will     .....     Rnd*Tele +   (boots unavailable)
Stlth    ++........             (no amulet)
HPRegen  0.04/turn              l - ring of teleportation (curse)
MPRegen  0.09/turn              m - ring of resist corrosion

@: very quick
A: very small, unfitting armour, see invisible, speed 3
a: no special abilities


You were on level 1 of the Dungeon.
You visited 1 branch of the dungeon, and saw 1 of its levels.

You collected 32 gold pieces.

Inventory:

Hand Weapons
 a - a +0 club
 h - a cursed -2 dagger (weapon)
 j - a +1 vorpal hand axe
Armour
 b - a +0 robe (worn)
Jewellery
 l - a cursed ring of teleportation (left hand)
 m - a ring of resist corrosion (right hand)
Wands
 d - a wand of enslavement (12)
 e - a wand of random effects (13) (quivered)
Scrolls
 f - 2 scrolls of amnesia
 g - a scroll of remove curse {unknown}
 k - a scroll of random uselessness {unknown}
Potions
 i - a potion of heal wounds {unknown}


   Skills:
 - Level 0.7 Fighting
 + Level 4.0 Dodging
 + Level 2.5 Stealth
 + Level 1.4 Spellcasting
 + Level 4.4 Evocations


You had 3 spell levels left.
You didn't know any spells.
Your spell library was empty.

Dungeon Overview and Level Annotations

Branches:
Dungeon (1/15)

Altars:


Innate Abilities, Weirdness & Mutations

You are very small and have problems with some larger weapons.
You are too small for most types of armour.
You have supernaturally acute eyesight. (SInv)
You cover ground extremely quickly.


Message History

t - Shout!
Orders for allies: a - Attack new target. p - Attack previous target. r - Retreat! s - Stop attacking. g - Guard the area. f - Follow me.
Anything else - Cancel.
Gang up on whom?
Press: ? - help, Dir - move target, f - kobold, p - gnoll
Aim: a kobold, wielding a +0 club Attack!
Your gnoll closely misses the kobold.
The kobold hits you but does no damage.
Your gnoll hits the kobold from afar with a +1 halberd of flaming.
Your gnoll burns the kobold.
The kobold dies!
The gnoll is no longer charmed.
The gnoll completely misses you.
You hit the gnoll but do no damage.
The gnoll hits you with a +1 halberd of flaming!
Ouch! That really hurt!
* * * LOW HITPOINT WARNING * * *
The gnoll burns you.
You die...

...# ##........=
...####†.......(.
...##.†.##......#
..##..### ####### ###..##
############ ....##
######..........#
##.#######(......).......#
...........####....†.....#
.#.######### #.g@.......##
##.# #...)......# .#..
#..†......)# ######
#.....>.>..# .....+
#..........# #.####
#.....B....# #.##
######)##### ...+ #.#!..##
#### #......#


You could see a gnoll and a giant cockroach.

Vanquished Creatures
  A dart slug (D:1)
  A leopard gecko (D:1)
  4 goblins (D:1)
  2 hobgoblins (D:1)
  3 jackals (D:1)
  A ball python (D:1)
  3 bats (D:1)
  2 frilled lizards (D:1)
  5 rats (D:1)
22 creatures vanquished.

Vanquished Creatures (collateral kills)
  A kobold (D:1)
1 creature vanquished.

Vanquished Creatures (others)
  A hobgoblin (D:1)
1 creature vanquished.

Grand Total: 24 creatures vanquished

Notes
Turn   | Place    | Note
-------+----------+-------------------------------------------
     0 | D:1      | Rennog the Spriggan Artificer began the quest for the Orb.
     0 | D:1      | Reached XP level 1. HP: 9/9 MP: 2/2
   183 | D:1      | Reached skill level 1 in Spellcasting
   183 | D:1      | Reached XP level 2. HP: 10/14 MP: 2/4
  1002 | D:1      | Slain by a gnoll

Illustrated notes

Levels and vault maps discovered:
D:1:      shiori_shiawase, layout_rooms, minmay_tiny_reverse_x

Skill      XL: |  1  2 |
---------------+-------+-----
Stealth        | 2 |  2.5
Spellcasting   | 1 |  1.4
Dodging        | 4 |  4.0
Fighting       | |  0.7
Evocations     | |  4.4

Action                   || total
-------------------------++-------
Melee: Dagger            ||    76
       Club              ||     2
Evoke: Wand              ||    20
  Use: Scroll            ||     1
 Stab: Sleeping          ||     5
       Paralysed         ||     1
Armor: Robe              ||    19
Dodge: Dodged            ||   152

Table legend: (Time is in decaauts)
 A = Elapsed time spent in this place.
 B = Non-inter-level travel time spent in this place.
 C = Inter-level travel time spent in this place.
 D = Time resting spent in this place.
 E = Time spent auto-exploring this place.
 F = Levels seen in this place.
 G = Mean time per level.
                   A        B        C        D        E       F      G
               +--------+--------+--------+--------+--------+-----+--------+
         Total |    929 |    922 |      7 |    425 |    296 |   1 |  929.0 |
       Dungeon |    929 |    922 |      7 |    425 |    296 |   1 |  929.0 |
               +--------+--------+--------+--------+--------+-----+--------+

Top non-repeatable levels by time:
     D:1: 929 daAuts
